[Event "Live Chess"]
[Site "Chess.com"]
[Date "2023.05.20"]
[Round "-"]
[White "PiotrD11"]
[Black "mliszewski"]
[Result "0-1"]
[WhiteElo "1328"]
[BlackElo "1905"]
[TimeControl "300"]
[EndTime "11:07:39 PDT"]
[Termination "mliszewski won on time"]

1. e4 c6 2. d4 d5 3. e5 c5 4.
dxc5 Nc6 5. Nf3 Bg4 6. Bb5 e6 7. O-O Bxc5 8. h3 Bxf3 9. Qxf3 Ne7 10. Bxc6+ Nxc6 11. Be3 Bxe3 12. Qxe3 O-O 13. c3 Qc7 14. Nd2 Nxe5 15. Nb3 Nc4 16. Qd4 b6 17. Rab1 a5 18. Nd2 Nxd2 19. Qxd2 b5 20. Rfc1 Rfb8 21. Qd4 Qc4 22.
Qe5 b4 23. cxb4 Qxb4 24. Rc7 Rb7 25. Rxb7 Qxb7 26. b3 Rc8 27. a3 h6 28. b4 axb4 29. axb4 Rc4 30. b5 Rc5 31. b6 Rc6 32. Qd4 f6 33. Kh1 Kh8 34. Qb4 e5 35. Qf8+ Kh7 36.
Qd8 d4 37. h4 Rc2 38. Kg1 Rd2 39. h5 Qe4 40. Rf1 Rb2 41. Qc7 d3 42. f3 Qe3+ 43.
Kh1 Qxb6 44. Qc3 Rb3 45. Qc8 Rb1 46. Qf5+ Kg8 47. Qc8+ Kf7 48. Qd7+ Kf8 49. Qc8+ Ke7 50. Rxb1 Qxb1+ 51. Kh2 Qc2 52. Qb7+ Kd6 53. Qxg7 d2 54. Qxf6+ Kd5 55. Qd8+ Kc4 0-1

[Event "Live Chess"]
[Site "Chess.com"]
[Date "2023.05.20"]
[Round "-"]
[White "alexlines8"]
[Black "YF22Raptor"]
[Result "1-0"]
[WhiteElo "1257"]
[BlackElo "1011"]
[TimeControl "300"]
[EndTime "11:07:40 PDT"]
[Termination "alexlines8 won by checkmate"]

1. e4 c6 2. d4 d5 3. f3 Nf6 4.
e5 Nfd7 5. Nc3 Nb6 6. Bd3 e6 7. f4 Bd7 8. Nf3 c5 9. O-O c4 10. Be2 Bb4 11. Bd2 Bxc3 12. Bxc3 O-O 13. b3 Nc6 14. bxc4 dxc4 15. Qb1 Be8 16. Bd2 Nxd4 17. c3 Nxe2+ 18. Kh1 Nd5 19. Ng5 h6 20. Qh7# 1-0

[Event "Live Chess"]
[Site "Chess.com"]
[Date "2023.05.20"]
[Round "-"]
[White "LodeshChess"]
[Black "birdseed45"]
[Result "0-1"]
[WhiteElo "956"]
[BlackElo "1866"]
[TimeControl "300"]
[EndTime "11:07:46 PDT"]
[Termination "birdseed45 won by resignation"]

1. e4 c5 2. Nf3 Nc6 3. Bb5 d6 4. Bxc6+ bxc6 5. d3 e5 6. Nc3 f5 7. O-O fxe4 8. Nxe4 Nf6 9. Bg5 Be7 10. c4 O-O 11. b3 Bg4 12. h3 Bh5 13. g4 Bg6 14. Nxf6+ Bxf6 15. Bxf6 Qxf6 16. Kg2 h5 17. Kg3 Qf4+ 18.
Kh4 hxg4 19. hxg4 Qxf3 20. Qxf3 Rxf3 21. Rh1 Kf7 22. Kg5 Rxf2 23. Raf1 Rf6 24. Rxf6+ gxf6+ 25. Kh4 Rh8+ 0-1

[Event "Live Chess"]
[Site "Chess.com"]
[Date "2023.05.20"]
[Round "-"]
[White "DerbyKnight"]
[Black "Chesscoach_Golichenko"]
[Result "0-1"]
[WhiteElo "1599"]
[BlackElo "2653"]
[TimeControl "300"]
[EndTime "11:07:50 PDT"]
[Termination "Chesscoach_Golichenko won by resignation"]

1. d4 Nf6 2. Nf3 e6 3. e3 b6 4. Bd3 Bb7 5. Nbd2 c5 6. b3 d5 7. dxc5 bxc5 8. c4 d4 9. e4 Nbd7 10. O-O e5 11. Re1 Bd6 12. Nf1 O-O 13. Ng3 g6 14.
Bh6 Re8 15. Ng5 a5 16. Qf3 Qe7 17. h4 Nb6 18. h5 Bc8 19. Qe2 Ng4 20. hxg6 fxg6 21.
Nxh7 Nxh6 22. Nf5 gxf5 23. exf5 Qxh7 24. f6 Qf7 25. Qf3 Bg4 26. Qg3 Qxf6 27. Be4 Ra7 28. f3 Qf4 29. Qh4 Bf5 30. Qh5 Rf8 31. g3 Rg7 0-1

[Event "Live Chess"]
[Site "Chess.com"]
[Date "2023.05.20"]
[Round "-"]
[White "vinni3012"]
[Black "whitedjohn"]
[Result "0-1"]
[WhiteElo "1821"]
[BlackElo "1678"]
[TimeControl "300"]
[EndTime "11:07:55 PDT"]
[Termination "whitedjohn won by resignation"]

1. d4 Nf6 2. c4 c5 3. d5 e6 4.
Nc3 exd5 5. cxd5 d6 6. Nf3 g6 7. h3 Bg7 8. Bg5 O-O 9. e3 h6 10. Bh4 g5 11. Bg3 a6 12. a4 b6 13. Bd3 Qe7 14. O-O Nbd7 15. Bh2 Nh7 16. Qc2 Nhf6 17. Nd2 Ne5 18. Nc4 Nxc4 19. Bxc4 Nd7 20. e4 Ne5 21.
Be2 f5 22. f4 gxf4 23. Rxf4 Ng6 24. Rff1 Bd4+ 25. Kh1 Bd7 26. exf5 Ne5 27. Rae1 Rf6 28. g4 Raf8 29. Ne4 R6f7 30. Bf4 h5 31. Ng5 Rf6 32.
Ne6 Bxe6 33. dxe6 hxg4 34. hxg4 Qh7+ 35. Kg2 Qg7 36. Qd1 Rxf5 37. Bd3 Rxf4 0-1

[Event "Live Chess"]
[Site "Chess.com"]
[Date "2023.05.20"]
[Round "-"]
[White "raminguy"]
[Black "flyingpuffins"]
[Result "0-1"]
[WhiteElo "1977"]
[BlackElo "1990"]
[TimeControl "300"]
[EndTime "11:08:00 PDT"]
[Termination "flyingpuffins won by resignation"]

1. d4 d5 2. Nc3 Nf6 3. Bf4 a6 4. e3 c5 5. dxc5 e6 6. b4 Nc6 7. a3 e5 8. Bg5 Be7 9. Bxf6 Bxf6 10.
Nxd5 O-O 11. Nxf6+ Qxf6 12. Nf3 e4 13. Nd4 Rd8 14.
c3 a5 15. Be2 axb4 16. axb4 Rxa1 17. Qxa1 Qg6 18. Kf1 Ne5 19. Qa5 Rf8 20. Qc7 Nd3 21. Qg3 Qa6 22. Bxd3 Qxd3+ 23. Ke1 Qb1+ 24. Ke2 Qxh1 25. Qe5 Qxg2 26. b5 Be6 27. Nxe6 fxe6 28. Qxe6+ Kh8 0-1

[Event "Live Chess"]
[Site "Chess.com"]
[Date "2023.05.20"]
[Round "-"]
[White "yeetpizza74"]
[Black "martynstanley"]
[Result "1/2-1/2"]
[WhiteElo "455"]
[BlackElo "999"]
[TimeControl "300"]
[EndTime "11:08:01 PDT"]
[Termination "Game drawn by stalemate"]

1. e4 e6 2. d4 d5 3. e5 c5 4. c3 Nc6 5. Bb5 Qb6 6. Bxc6+ bxc6 7. dxc5 Bxc5 8. Be3 Bxe3 9. fxe3 Qxe3+ 10. Ne2 Ba6 11. Nd2 f6 12. b3 fxe5 13. c4 dxc4 14. Nxc4 Bxc4 15. bxc4 c5 16. Rb1 Ne7 17. Rf1 Rf8 18. Rxf8+ Kxf8 19. Kf1 Nf5 20. Ng3 Nd4 21. Qh5 Ke7 22.
Qxh7 Rf8+ 23. Nf5+ Rxf5+ 24. Qxf5 Nxf5 25. Re1 Qd3+ 26. Kf2 Qd2+ 27. Re2 Qxe2+ 28. Kxe2 Kd6 29. Kd3 a5 30. a4 Nd4 31. g4 g6 32. h4 Nf3 33. h5 gxh5 34. gxh5 Ng5 35. h6 Nf7 36. h7 e4+ 37. Kxe4 e5 38. Kf5 e4 39. Kxe4 Ke6 40. Kf4 Kf6 41. Ke4 Kg6 42. Kd5 Kxh7 43. Kxc5 Ne5 44.
Kb5 Kg6 45. c5 Kf5 46. c6 Ke4 47. c7 Nd3 48. c8=Q Nb2 49. Qe8+ Kd4 50. Qd7+ Kc3 51. Kxa5 Nc4+ 52. Kb5 Na3+ 53. Kb6 Nc4+ 54. Kc7 Ne5 55.
Qe7 Nc4 56. Qc5 Kb3 57. a5 Nxa5 58. Qxa5 Kc4 59. Qe5 Kd3 60. Qc5 Ke4 61. Kd6 Kf3 62.
Qc8 Ke3 63. Kd5 Kd3 64. Qc4+ Ke3 65. Qe4+ Kf2 66. Kd4 Kg3 67. Qe3+ Kg4 68. Ke4 Kh5 69. Kf4 Kg6 70. Qe6+ Kg7 71. Kf5 Kh8 72. Qe7 Kg8 73.
Qe6+ Kf8 74. Qd6+ Ke8 75. Ke6 1/2-1/2

[Event "Live Chess"]
[Site "Chess.com"]
[Date "2023.05.20"]
[Round "-"]
[White "zdanevych"]
[Black "minenko-1958"]
[Result "1-0"]
[WhiteElo "1545"]
[BlackElo "1403"]
[TimeControl "300"]
[EndTime "11:08:02 PDT"]
[Termination "zdanevych won by resignation"]

1. d4 d5 2. c4 dxc4 3. e4 c6 4.
Bxc4 e6 5. Nc3 a5 6. Nf3 h6 7. e5 Bb4 8. a3 Be7 9. O-O b5 10. Bb3 a4 11. Bc2 Qb6 12. Be3 Qb7 13. Rc1 Nd7 14.
Bb1 Nb6 15. Ne4 Nc4 16. h3 Nxb2 17. Qc2 Nc4 18. Qc3 Bxa3 19. Ba2 Bxc1 20. Rxc1 Bd7 21. Bxc4 bxc4 22. Nd6+ Ke7 23. Nxb7 1-0

[Event "Live Chess"]
[Site "Chess.com"]
[Date "2023.05.20"]
[Round "-"]
[White "Trendle"]
[Black "LL220284LL"]
[Result "1/2-1/2"]
[WhiteElo "2674"]
[BlackElo "2386"]
[TimeControl "300"]
[EndTime "11:08:04 PDT"]
[Termination "Game drawn by repetition"]

1. e4 e5 2. Nf3 Nf6 3. d4 Nxe4 4. Bd3 d5 5. Nxe5 Nd7 6. Nxd7 Bxd7 7. Nc3 Nxc3 8. bxc3 Bd6 9. Qh5 g6 10. Qxd5 O-O 11.
O-O Bc6 12. Qg5 Be7 13. Qg4 h5 14. Qh3 Re8 15. Bb2 Bd7 16. Qf3 Bc6 17. Qf4 Bg5 18. Qg3 h4 19. Qg4 Bd7 20. Qd1 h3 21. g3 Bc6 22. c4 Bg2 23. Re1 Qd6 24. Qg4 Bf6 25. Rad1 Rxe1+ 26. Rxe1 Qb4 27. Rb1 Re8 28. Qd1 Qe7 29. Bf1 Qe4 30. Bd3 Qe7 31. Bf1 Qe4 32. Bd3 Qe7 1/2-1/2

[Event "Live Chess"]
[Site "Chess.com"]
[Date "2023.05.20"]
[Round "-"]
[White "gmnorfolk"]
[Black "yarek"]
[Result "1-0"]
[WhiteElo "2145"]
[BlackElo "1890"]
[TimeControl "300"]
[EndTime "11:08:09 PDT"]
[Termination "gmnorfolk won by checkmate"]

1. d4 g6 2. e4 Bg7 3. Nc3 c6 4. f4 d5 5. e5 h5 6. Be3 Bf5 7. h3 Nh6 8. Nf3 e6 9. Be2 Nd7 10. O-O Qb6 11. b3 Rc8 12. Na4 Qc7 13. c4 b6 14. Rc1 O-O 15. Ng5 dxc4 16. bxc4 Rfd8 17. g4 hxg4 18. hxg4 b5 19. cxb5 c5 20. gxf5 Nxf5 21. Bf2 Qa5 22. Qb3 cxd4 23. Rxc8 Rxc8 24. Nxe6 Nxe5 25.
fxe5 Bxe5 26. Ng5 Rc7 27. Bc4 Nd6 28. Bxf7+ Nxf7 29. Nxf7 Rxf7 30. Bg3 Bxg3 31. Qxf7+ Kh8 32. Qf8+ Kh7 33. Rf7# 1-0

[Event "Live Chess"]
[Site "Chess.com"]
[Date "2023.05.20"]
[Round "-"]
[White "JanMur7"]
[Black "Leonid_Starozhilov"]
[Result "0-1"]
[WhiteElo "1972"]
[BlackElo "2644"]
[TimeControl "300"]
[EndTime "11:08:19 PDT"]
[Termination "Leonid_Starozhilov won by resignation"]

1. e4 c5 2. Nf3 d6 3. c3 Nf6 4. Be2 Nc6 5. d4 cxd4 6. cxd4 g6 7. Nc3 Bg7 8. O-O O-O 9. d5 Nb8 10. Be3 Bg4 11. h3 Bxf3 12. Bxf3 Nbd7 13. Bd4 a6 14. a4 Rc8 15. a5 Ne5 16. Bxe5 dxe5 17. Qb3 Qd7 18.
Na4 Qc7 19. Nb6 Rcd8 20. Rac1 Qb8 21. Rc2 h5 22. Rfc1 Nd7 23. Rc7 Nxb6 24. Qxb6 Rc8 25. Kh2 Bh6 26. R1c2 h4 27. Rxb7 Bf4+ 28. g3 hxg3+ 29.
fxg3 Rxc2+ 30. Bg2 Qd6 31. Qxd6 Bxg3+ 0-1

[Event "Live Chess"]
[Site "Chess.com"]
[Date "2023.05.20"]
[Round "-"]
[White "MarkLim1"]
[Black "Tilbs_12"]
[Result "1-0"]
[WhiteElo "1622"]
[BlackElo "1568"]
[TimeControl "300"]
[EndTime "11:08:26 PDT"]
[Termination "MarkLim1 won by resignation"]

1. d4 d5 2. Nf3 Nf6 3. c4 c6 4. cxd5 cxd5 5. Nc3 Nc6 6. Bf4 a6 7. Rc1 Bf5 8. Ne5 e6 9. Nxc6 bxc6 10. e3 c5 11. Qa4+ Qd7 12. Bb5 axb5 13. Qxa8+ Ke7 14. O-O g6 15. dxc5 Bg7 16. Qa3 Qc6 17. Qa7+ Qd7 18. Qxd7+ Kxd7 19. Nxb5 Kc6 20. Nd4+ Kd7 21. Nxf5 gxf5 22.
b4 1-0

[Event "Live Chess"]
[Site "Chess.com"]
[Date "2023.05.20"]
[Round "-"]
[White "alanmike75"]
[Black "Mikhail_Golubev"]
[Result "0-1"]
[WhiteElo "1506"]
[BlackElo "2526"]
[TimeControl "300"]
[EndTime "11:08:27 PDT"]
[Termination "Mikhail_Golubev won by resignation"]

1. e4 Na6 2. Bxa6 bxa6 3. d3 e5 4. Ne2 Nf6 5. O-O Bc5 6. Ng3 d5 7. Nc3 dxe4 8. Ncxe4 Nxe4 9. Nxe4 Be7 10. Qe2 O-O 11.
Be3 Bb7 12. Bc5 Bxc5 13. Nxc5 Qd5 14. Nxb7 Qxb7 15. b3 Rfe8 16. Qe4 Qb6 17. Rae1 Rad8 18. a4 Rd4 19. Qe3 Re6 20. c3 Rd8 21. Qxb6 axb6 22. Rd1 Red6 23. f4 Rxd3 24. Rxd3 Rxd3 25. fxe5 Rxc3 26.
Rd1 Kf8 27. b4 Ke7 28. Rd4 Ke6 0-1

[Event "Live Chess"]
[Site "Chess.com"]
[Date "2023.05.20"]
[Round "-"]
[White "JoshMcK"]
[Black "Singapourfeuj"]
[Result "0-1"]
[WhiteElo "1535"]
[BlackElo "2238"]
[TimeControl "300"]
[EndTime "11:08:31 PDT"]
[Termination "Singapourfeuj won by resignation"]

1. e4 e6 2. d4 d5 3. Nc3 Nf6 4. e5 Nfd7 5. f4 c5 6. Nf3 Nc6 7. Be3 a6 8. a3 b5 9. Qd2 Qb6 10.
dxc5 Bxc5 11. O-O-O Bxe3 0-1

[Event "Live Chess"]
[Site "Chess.com"]
[Date "2023.05.20"]
[Round "-"]
[White "Jeffaroow"]
[Black "CeladonFish"]
[Result "0-1"]
[WhiteElo "460"]
[BlackElo "1040"]
[TimeControl "300"]
[EndTime "11:08:35 PDT"]
[Termination "CeladonFish won by resignation"]

1. e4 d6 2. Nf3 Nf6 3. Nc3 g6 4.
d4 Bg7 5. Be3 O-O 6. Bd3 c6 7.
O-O b5 8. b4 a5 9. a3 Ng4 10.
Bf4 e5 11. dxe5 dxe5 12. Bg5 f6 13. Bd2 f5 14. exf5 Bxf5 15. Bxf5 Rxf5 16. Qe2 Na6 17. Ne4 Nf6 18. Nxf6+ Bxf6 19. Ra2 axb4 20. axb4 Nc7 21. Rxa8 Qxa8 22. h4 Nd5 23. Bg5 Bxg5 24. Nxg5 Qe8 25.
f4 e4 26. Qxe4 Qxe4 27. Nxe4 Nxf4 28. Nd6 Ne2+ 29. Kh2 Rxf1 0-1

[Event "Live Chess"]
[Site "Chess.com"]
[Date "2023.05.20"]
[Round "-"]
[White "Tushinskiy"]
[Black "Enhard"]
[Result "1-0"]
[WhiteElo "2108"]
[BlackElo "1451"]
[TimeControl "300"]
[EndTime "11:08:37 PDT"]
[Termination "Tushinskiy won by resignation"]

1. d4 c6 2. c3 d5 3. Nf3 Bf5 4. Bf4 Nf6 5. Nbd2 Nbd7 6. Bg3 e6 7. e3 h6 8. Be2 Be7 9. O-O O-O 10. b4 a6 11. a4 b5 12. Qb3 Ne4 13. Nxe4 Bxe4 14. Ne5 Nxe5 15. Bxe5 Bf6 16. Bg3 Qe7 17. Ra2 Ra7 18.
axb5 axb5 19. Rfa1 Rfa8 20. Ra5 Qb7 21. h3 Bd8 22.
R5a3 Ra4 23. Rxa4 bxa4 24. Rxa4 Rxa4 25. Qxa4 Bc7 26. Bxc7 Qxc7 27. Qa6 Kh7 28. Bd3 Bxd3 29. Qxd3+ g6 30. Qa6 Kg7 31. g3 h5 32. h4 Kf6 33.
c4 dxc4 34. Qxc4 Qb6 35. Qc5 Qc7 36. b5 Qb8 37. bxc6 Qb1+ 38. Kh2 Qf1 39. Qe5+ Ke7 40. Qf4 Qc4 41. Qf3 Kd6 42. Qxf7 Qxc6 43. Qxg6 Qf3 44.
Kg1 Qd1+ 45. Kg2 Qa1 46. Qe4 Qb2 47. Qe5+ Ke7 48. Qxh5 Qb7+ 49. Qf3 Qb2 50. g4 Qc2 51. g5 Qd3 52. h5 Qh7 53. Qf6+ Kd6 54. g6 1-0

[Event "Live Chess"]
[Site "Chess.com"]
[Date "2023.05.20"]
[Round "-"]
[White "viktorskliarov"]
[Black "ClassyChameleon"]
[Result "1-0"]
[WhiteElo "2650"]
[BlackElo "1074"]
[TimeControl "300"]
[EndTime "11:09:06 PDT"]
[Termination "viktorskliarov won by checkmate"]

1. e4 e5 2. Nc3 Nc6 3. Bc4 Bc5 4. Qg4 d6 5. Qxg7 Be6 6. Bxe6 fxe6 7. Qxh8 Kd7 8.
Qxh7+ Kc8 9. Nf3 Nf6 10. Qh4 d5 11. d3 dxe4 12. Nxe4 Nxe4 13. Qxd8+ Nxd8 14. dxe4 b6 15. Be3 Bxe3 16. fxe3 Kb7 17. Nxe5 Nc6 18. Nxc6 Kxc6 19. Ke2 e5 20. Rad1 Kb5 21. h4 c5 22. h5 c4 23.
h6 Kb4 24. h7 Rc8 25. h8=Q c3 26. Qxc8 cxb2 27. Rb1 Ka3 28. Qc4 a5 29. Qb3# 1-0

[Event "Live Chess"]
[Site "Chess.com"]
[Date "2023.05.20"]
[Round "-"]
[White "jennybobby44"]
[Black "HoarseyHorsey"]
[Result "1-0"]
[WhiteElo "1853"]
[BlackElo "1384"]
[TimeControl "300"]
[EndTime "11:09:07 PDT"]
[Termination "jennybobby44 won by resignation"]

1. Nf3 d5 2. g3 Nc6 3. d4 Bf5 4. Bg2 e6 5. O-O Bd6 6. c4 dxc4 7. Qa4 Qd7 8. Qxc4 Nf6 9. Nh4 Be4 10. Bxe4 Nxe4 11.
f3 Nf6 12. e4 O-O-O 13. e5 Bxe5 14. dxe5 Nxe5 15. Qe2 Nc6 16. Be3 Nd5 17. Bf2 g5 18. Ng2 f5 19. Nc3 h5 20. Nxd5 Qxd5 21. Rfd1 Qa5 22. Qxe6+ Kb8 23. f4 Rhe8 24. Qc4 Rd2 25. b4 Rxd1+ 26. Rxd1 Qxb4 27. Qxb4 Nxb4 28. fxg5 Nxa2 29.
g6 b6 30. Nf4 Nc3 31. Rc1 Ne4 32. Nxh5 Nxf2 33. Kxf2 Rg8 34. g7 Kb7 35. Re1 a5 36. Re7 a4 37. Nf6 Rb8 38. Ne8 a3 39. g8=Q b5 1-0

[Event "Live Chess"]
[Site "Chess.com"]
[Date "2023.05.20"]
[Round "-"]
[White "profpirate4"]
[Black "Supertromp"]
[Result "0-1"]
[WhiteElo "1016"]
[BlackElo "2181"]
[TimeControl "300"]
[EndTime "11:09:09 PDT"]
[Termination "Supertromp won by resignation"]

1. d4 Nf6 2. c4 g6 3. Nc3 Bg7 4. f3 O-O 5. e4 d6 6. Be3 c5 7. Nge2 cxd4 8. Nxd4 Nc6 9. Be2 Bd7 10. O-O Rc8 11. Nd5 Nxd5 12. cxd5 Ne5 13. f4 Nc4 14. Bxc4 Rxc4 15. Rc1 Rxc1 16. Qxc1 Qb6 17. Rd1 Rc8 18. Qd2 Qa6 19. b3 Bg4 20. Rc1 Rxc1+ 21. Qxc1 Qd3 22. e5 dxe5 23. fxe5 Bxe5 24. Nf3 Bxf3 25. gxf3 Qxd5 26. f4 Bd4 27. Qc8+ Kg7 28. Bxd4+ Qxd4+ 29. Kg2 Qe4+ 30. Kh3 Qf3+ 31. Kh4 Qxf4+ 32.
Qg4 Qxg4+ 33. Kxg4 f5+ 34. Kf4 Kf6 35. h4 e5+ 36. Ke3 f4+ 37. Ke4 h6 38. a4 a5 0-1

[Event "Live Chess"]
[Site "Chess.com"]
[Date "2023.05.20"]
[Round "-"]
[White "seuen"]
[Black "Andysav3"]
[Result "0-1"]
[WhiteElo "1148"]
[BlackElo "1693"]
[TimeControl "300"]
[EndTime "11:09:12 PDT"]
[Termination "Andysav3 won by resignation"]

1. e4 c5 2. c3 Nc6 3. d4 cxd4 4.
cxd4 d5 5. exd5 Qxd5 6. Nf3 Bg4 7. Nc3 Bxf3 8. Nxd5 Bxd1 9. Nc7+ Kd8 10. Nxa8 Bh5 11. Bf4 Nf6 12. Nc7 a6 13. Bc4 e6 14. O-O Bb4 15. a3 Ba5 16. b4 Bxc7 17. Bxc7+ Kxc7 18. Rac1 Rd8 19. Rfd1 Bxd1 20. Rxd1 Rxd4 21. Rxd4 Nxd4 22. Bd3 g6 23. Kf1 Kd6 24. Ke1 Nd5 25. Be4 f5 26. Bf3 Nxf3+ 27. gxf3 Ke5 28. Ke2 Kf4 29.
h3 Nc3+ 30. Kd3 Nb5 31. a4 Nd6 32. Ke2 h5 33. Kf1 Kxf3 0-1

[Event "Live Chess"]
[Site "Chess.com"]
[Date "2023.05.20"]
[Round "-"]
[White "mach247"]
[Black "JamesWallman"]
[Result "1-0"]
[WhiteElo "1299"]
[BlackElo "769"]
[TimeControl "300"]
[EndTime "11:09:14 PDT"]
[Termination "mach247 won on time"]

1. e4 e5 2. Nf3 Nc6 3. Bc4 h6 4. O-O Nf6 5. d3 Bc5 6. c3 d6 7. h3 O-O 8. b4 Bb6 9. a4 a5 10. b5 Ne7 11. Qe2 Be6 12. Bxe6 fxe6 13. Be3 Nh7 14.
Bxb6 cxb6 15. c4 Ng6 16. g3 Ng5 17. Nxg5 Qxg5 18. Qg4 Qxg4 19. hxg4 Rf3 20. Ra3 Raf8 21. Nd2 R3f7 22. Kg2 Nh8 23. Nb3 g5 24. d4 Rf3 25. dxe5 dxe5 26. Re1 Rxf2+ 27. Kh3 R2f3 28. Rea1 R8f4 29. Nd2 Rxa3 30. Rxa3 Rf2 31. Rd3 Rf8 32. Rd7 Rf7 33. Rd6 Re7 34. Rxb6 Nf7 35. c5 Rc7 36. c6 bxc6 37. Rxc6 Rd7 38. Nc4 Rd4 39. b6 Rd8 40. b7 Rb8 41. Rc8+ 1-0

[Event "Live Chess"]
[Site "Chess.com"]
[Date "2023.05.20"]
[Round "-"]
[White "Lewstar1"]
[Black "BogdanBeleiUkraine"]
[Result "0-1"]
[WhiteElo "454"]
[BlackElo "1175"]
[TimeControl "300"]
[EndTime "11:09:17 PDT"]
[Termination "BogdanBeleiUkraine won by resignation"]

1. d4 d5 2. Bf4 Nf6 3. Nf3 Bf5 4. e3 Nh5 5. Bd3 Bxd3 6. Qxd3 Nxf4 7. exf4 e6 8. O-O Nc6 9. Nc3 a6 10. Ng5 h6 11.
Nh7 Bd6 12. Ne2 f5 13. Qg3 Qe7 14. Qg6+ Kd7 15. b3 Rag8 16. c4 Qe8 17. c5 Qxg6 18. cxd6 cxd6 19. a4 Rxh7 0-1

[Event "Live Chess"]
[Site "Chess.com"]
[Date "2023.05.20"]
[Round "-"]
[White "wot-not"]
[Black "1600x"]
[Result "0-1"]
[WhiteElo "1457"]
[BlackElo "1588"]
[TimeControl "300"]
[EndTime "11:09:18 PDT"]
[Termination "1600x won by resignation"]

1. e4 e5 2. f4 d5 3. Bd3 dxe4 4. Bxe4 Nf6 5. Bd3 Bg4 6. Nf3 exf4 7. O-O Bc5+ 8. Kh1 O-O 9. h3 Bh5 10. Nc3 Nc6 11. Ne4 Bb6 12. Nxf6+ Qxf6 13. Rb1 Ne5 14. Be2 Bxf3 15. Bxf3 Nxf3 16. Qxf3 Qd6 17. d3 Be3 18. Bxe3 fxe3 19. Qxe3 Rae8 20. Qxa7 b6 21.
Qa3 Qg3 22. Rf3 Re1+ 23. Rxe1 Qxe1+ 24. Kh2 Qe5+ 25. Rg3 c5 26. Qc3 Qxc3 27. bxc3 Rb8 28. Re3 b5 29. Re5 c4 30. d4 Kf8 31. d5 Rb6 32. Kg3 g6 33. Kf4 Rd6 34. Ke4 Ra6 35. Kd4 Rxa2 36. Kc5 Rxc2 37. Kxb5 Rxc3 38. d6 Rd3 39.
Rd5 Rxd5+ 40. Kxc4 Rxd6 0-1

[Event "Live Chess"]
[Site "Chess.com"]
[Date "2023.05.20"]
[Round "-"]
[White "Rusty_Bridges"]
[Black "VovaOvchar1990"]
[Result "0-1"]
[WhiteElo "1364"]
[BlackElo "1194"]
[TimeControl "300"]
[EndTime "11:09:22 PDT"]
[Termination "VovaOvchar1990 won on time"]

1. e4 e5 2. f4 exf4 3. Nf3 Nc6 4. d4 d6 5. Bxf4 Nf6 6. Nc3 Bg4 7. Be2 Ne7 8. Ng5 Bxe2 9. Qxe2 h6 10. Nf3 Ng6 11. Bg3 Be7 12. O-O-O O-O 13. Bf2 Re8 14. h3 a6 15. g4 b5 16. Rdg1 b4 17. Na4 Nxe4 18. Kb1 Nc3+ 19. bxc3 bxc3 20. Nxc3 Qb8+ 21. Ka1 Nf4 22. Qc4 a5 23. Rb1 Qa7 24. Na4 d5 25.
Qf1 Reb8 26. Be3 Rxb1+ 27. Qxb1 Ne2 28. c3 Ba3 29. Qc2 Ng3 30. Rb1 Ne4 31. Rb5 c6 32. Rb1 Rb8 33. Rxb8+ Qxb8 34. Qb3 Qg3 35. Qxa3 Qxf3 36.
Bc1 Qxh3 37. Nc5 Nxc5 38. Qxc5 Qxg4 39. Qxc6 Qd1 40. Kb1 Qd3+ 41. Kb2 Qe2+ 42. Kb3 Qd1+ 43. Ka3 Qxc1+ 44. Ka4 Qc2+ 45. Kxa5 Qxa2+ 46. Kb5 Qb2+ 47. Kc5 Qxc3+ 48. Kxd5 Qxc6+ 49. Kxc6 Kf8 50. d5 Ke8 51. d6 Kd8 52. d7 h5 53. Kd5 h4 54.
Ke4 h3 55. Kf3 g5 56. Kg3 Kxd7 57. Kxh3 Ke6 58. Kg4 f6 59. Kf3 Kf5 60. Kg2 Kf4 61.
Kf2 g4 62. Kg2 g3 0-1

[Event "Live Chess"]
[Site "Chess.com"]
[Date "2023.05.20"]
[Round "-"]
[White "MaximKris"]
[Black "mattihelenius2"]
[Result "1-0"]
[WhiteElo "1869"]
[BlackElo "466"]
[TimeControl "300"]
[EndTime "11:09:25 PDT"]
[Termination "MaximKris won by checkmate"]

1. e4 e5 2. Nf3 d5 3. exd5 Qxd5 4. Nc3 Qd8 5. d3 Bg4 6. h3 Bxf3 7. Qxf3 Qf6 8. Qxb7 Qc6 9. Qxc6+ Nxc6 10. Be3 Nf6 11. O-O-O Bb4 12. a3 Bxc3 13. bxc3 Rd8 14. d4 e4 15. Bb5 O-O 16. Bxc6 h6 17. d5 Nd7 18.
Bxd7 Rxd7 19. Bxa7 c6 20. Bc5 cxd5 21. Bxf8 Kxf8 22.
c4 d4 23. c3 d3 24. Kd2 Re7 25. Ke3 Ke8 26. f3 Rd7 27. fxe4 d2 28. Rxd2 Rxd2 29. Kxd2 f6 30. Rb1 Kd7 31. a4 Ke6 32. a5 Kd7 33. a6 Kc6 34. a7 Kc7 35. a8=Q g5 36. Qd5 h5 37. Rb7+ Kc8 38. Qd7# 1-0

[Event "Live Chess"]
[Site "Chess.com"]
[Date "2023.05.20"]
[Round "-"]
[White "MrDodgy"]
[Black "AyannaTang"]
[Result "1-0"]
[WhiteElo "2316"]
[BlackElo "176"]
[TimeControl "300"]
[EndTime "11:09:27 PDT"]
[Termination "MrDodgy won by checkmate"]

1. d4 e5 2. c4 exd4 3. Nf3 Nc6 4.
Nxd4 Nxd4 5. Qxd4 Bd6 6. Nc3 b6 7. Ne4 Bc5 8. Nxc5 bxc5 9. Qe4+ Ne7 10. Qxa8 O-O 11. Qf3 Ba6 12. e3 Nc6 13. Bd3 Nb4 14. Qe2 Nc6 15. O-O Ne5 16. f4 Bxc4 17. Bxc4 Nxc4 18.
Qxc4 Qe7 19. f5 Re8 20. f6 gxf6 21. Qg4+ Kf8 22. e4 f5 23. Bh6# 1-0

[Event "Live Chess"]
[Site "Chess.com"]
[Date "2023.05.20"]
[Round "-"]
[White "GEMdzq"]
[Black "DarthCalzone"]
[Result "1-0"]
[WhiteElo "2201"]
[BlackElo "938"]
[TimeControl "300"]
[EndTime "11:09:30 PDT"]
[Termination "GEMdzq won by checkmate"]

1. e4 c5 2. d4 cxd4 3. c3 dxc3 4. Nxc3 g6 5. Bc4 Bg7 6. Nf3 Nc6 7. O-O Nf6 8. e5 Nh5 9. g4 Nxe5 10. Nxe5 Bxe5 11.
gxh5 O-O 12. hxg6 e6 13. gxh7+ Kxh7 14. Qh5+ Kg8 15. Qxe5 f6 16. Qh5 Qe8 17. Qxe8 Rxe8 18. Be3 Rd8 19. Bb3 Kf7 20. Rad1 d5 21. Nb5 Bd7 22.
Nd6+ Ke7 23. Nxb7 Rab8 24. Nxd8 Kxd8 25. Bxa7 Ra8 26. Bd4 Rb8 27. Bxf6+ Ke8 28. Rfe1 Kf7 29. Be5 Re8 30. Re3 Bb5 31. Rf3+ Kg6 32. Bc2+ Kg5 33. Rg3+ Kh4 34. Bf6+ Kh5 35. Bg6+ Kh6 36. Rd4 Rg8 37.
Rh4# 1-0

[Event "Live Chess"]
[Site "Chess.com"]
[Date "2023.05.20"]
[Round "-"]
[White "Ninifu"]
[Black "lateforthesky"]
[Result "1/2-1/2"]
[WhiteElo "1988"]
[BlackElo "2066"]
[TimeControl "300"]
[EndTime "11:09:33 PDT"]
[Termination "Game drawn by repetition"]

1. d4 Nf6 2. c4 g6 3. Nc3 Bg7 4. e4 d6 5. f4 O-O 6. Nf3 Na6 7.
Bd3 e5 8. fxe5 dxe5 9. d5 Nc5 10.
Bc2 a5 11. O-O Ne8 12. Be3 b6 13. a3 Nd6 14. Qe2 Bg4 15. b4 axb4 16. axb4 Rxa1 17.
Rxa1 Ncxe4 18. Nxe4 Nxe4 19. Bxe4 f5 20. h3 fxe4 21.
hxg4 exf3 22. gxf3 e4 23. Rf1 exf3 24. Rxf3 Rxf3 25.
Qxf3 Qe7 26. c5 bxc5 27. bxc5 Qe5 28. c6 Qd6 29. Kg2 Be5 30. Qe4 Kg7 31. Kf3 Qf6+ 32.
Kg2 Qd6 33. Kf3 Qf6+ 34. Kg2 Qd6 1/2-1/2

[Event "Live Chess"]
[Site "Chess.com"]
[Date "2023.05.20"]
[Round "-"]
[White "misha464"]
[Black "AdamOwls"]
[Result "0-1"]
[WhiteElo "759"]
[BlackElo "1944"]
[TimeControl "300"]
[EndTime "11:09:33 PDT"]
[Termination "AdamOwls won by resignation"]

1. e4 c5 2. Nc3 e6 3. Nf3 a6 4. d3 Nc6 5. a3 b5 6. Bg5 Be7 7.
Bxe7 Ngxe7 8. Be2 O-O 9. O-O Bb7 10.
b4 Qb6 11. bxc5 Qxc5 12. Qd2 Rfd8 13. d4 Qb6 14. d5 Na5 15. dxe6 dxe6 16. Bd3 Nc4 17. Qe2 Rac8 18. Nd2 Nb2 19. e5 Rxc3 20. Qh5 Nxd3 21. cxd3 Rcxd3 22. Ne4 Bxe4 23. Rfe1 Bg6 24. Qg4 Qd4 25. Qxd4 R3xd4 26. Rec1 h6 27. h3 Nf5 28. g4 Nh4 0-1

[Event "Live Chess"]
[Site "Chess.com"]
[Date "2023.05.20"]
[Round "-"]
[White "xx_blindpuffin_xx"]
[Black "diana21strabt"]
[Result "1-0"]
[WhiteElo "2191"]
[BlackElo "1708"]
[TimeControl "300"]
[EndTime "11:09:38 PDT"]
[Termination "xx_blindpuffin_xx won by resignation"]

1. d4 Nf6 2. Bf4 d5 3. e3 e6 4. Nf3 c5 5. c3 Bd6 6. Bg3 Nc6 7. Nbd2 b6 8. Bb5 Bb7 9. Ne5 Qc7 10. O-O a6 11.
Bxc6+ Bxc6 12. f4 Bxe5 13. fxe5 Ne4 14. Nxe4 dxe4 15. Qg4 O-O 16. Bh4 Ra7 17. Bf6 g6 18. Qg5 1-0